 Dungeon Crawl Stone Soup version 0.29.1-13-g9f3cf754e1 (webtiles) character file.

Game seed: 15796527817338732543

33 booth the Chopper (level 3, -3/27 HPs)
             Began as a Demonspawn Gladiator on Jan 19, 2023.
             Slain by Natasha (7 damage)
             ... on level 2 of the Dungeon.
             The game lasted 00:07:14 (1211 turns).

booth the Chopper (Demonspawn Gladiator)            Turns: 1211, Time: 00:07:15

Health: -3/27      AC:  5    Str: 16    XL:     3   Next: 12%
Magic:  3/3        EV: 12    Int:  9    God:
Gold:   36         SH:  4    Dex: 14    Spells: 2/2 levels left

rFire   . . .      SeeInvis .   a - +0 war axe
rCold   . . .      Faith    .   (no shield)
rNeg    . . .      Spirit   .   b - +0 leather armour
rPois   .          Reflect  .   c - +1 helmet
rElec   .          Harm     .   (no cloak)
rCorr   .          Rampage  .   (no gloves)
Will    .....                   (no boots)
Stlth   +.........              (no amulet)
HPRegen 0.09/turn               (no ring)
MPRegen 0.08/turn               (no ring)

@: no status effects
A: condensation shield
a: no special abilities


You were on level 2 of the Dungeon.
You visited 1 branch of the dungeon, and saw 2 of its levels.

You collected 36 gold pieces.

Inventory:

Hand Weapons
 a - a +0 war axe (weapon)
 f - a +0 mace
Missiles
 d - 3 throwing nets (quivered)
 j - 2 poisoned darts
Armour
 b - a +0 leather armour (worn)
 c - a +1 helmet (worn)
 h - a +0 robe of fire resistance
Jewellery
 g - an amulet of the acrobat
Scrolls
 i - a scroll of identify


   Skills:
 + Level 2.2 Fighting
 * Level 3.3 Axes
 + Level 1.8 Throwing
 + Level 0.4 Armour
 + Level 3.0 Dodging
 + Level 0.2 Shields


You had 2 spell levels left.
You didn't know any spells.
Your spell library was empty.

Dungeon Overview and Level Annotations

Branches:
Dungeon (2/15)

Altars:

Annotations:
D:2 Natasha


Innate Abilities, Weirdness & Mutations

A meltable shield of frost defends you. (SH +4)


Message History

Aim: a crimson imp (lightly wounded, summoned, 44% to hit)
You throw a javelin.
The javelin pierces through the crimson imp!
You kill the crimson imp!
The crimson imp disappears in a puff of smoke!
The javelin barely misses Natasha.
The javelin barely misses the bat.
The javelin pierces through the goblin.
You kill the goblin!
Natasha extends her claws.
The rat barely misses you.
Throw: 3 darts (poison)
Press: ? - help, Q - select action, (/) - cycle Shift-Dir - straight line, f - rat
Aim: a rat (59% to hit)
You throw a poisoned dart.
The poisoned dart barely misses the rat.
The poisoned dart hits Natasha.
Natasha is poisoned.
The crimson imp blinks!
You closely miss the rat. The rat misses you.
The rat bites you but does no damage.
You barely miss the rat.
The crimson imp blinks!
The rat closely misses you.
You slash the rat!
You kill the rat!
The bat hits you but does no damage. Natasha claws you.
You hit Natasha but do no damage.
Natasha is lightly wounded.
You block the bat's attack. The bat barely misses you.
Natasha claws you but does no damage.
You closely miss Natasha.
Natasha is lightly wounded.
You closely miss the bat.
Natasha looks more healthy.
The bat barely misses you. The bat hits you but does no damage.
Natasha claws you. The bat barely misses you.
You closely miss Natasha.
Natasha is lightly wounded.
You hit the bat.
You kill the bat!
Natasha claws you.
* * * LOW HITPOINT WARNING * * *
Natasha claws you!
You die...

....#.#..##.#
......†.....#
........#.....#
.$....#.#.###.#
.$.. #.#.# #.#
##.# #.#.# #.#
b#...##.#.# #.#
.b....#.#.###†#
......(..)†Sh@#
......#(###.###
.#...#.## ##.#
##.$.# #.. ###.
... # ###


You could see Natasha and a ball python.

Vanquished Creatures
  A worm (D:2)
  An endoplasm (D:1)
  2 giant cockroaches (D:2)
  3 goblins
  A hobgoblin (D:1)
  A quokka (D:1)
  6 ball pythons
  7 bats
  2 frilled lizards
  3 kobolds
  4 rats
31 creatures vanquished.

Notes
Turn   | Place    | Note
-------+----------+-------------------------------------------
     0 | D:1      | booth the Demonspawn Gladiator began the quest for the Orb.
     0 | D:1      | Reached XP level 1. HP: 16/16 MP: 1/1
   317 | D:1      | Gained mutation: A meltable shield of frost defends you.
                  | (SH +4) [demonic ancestry]
   317 | D:1      | Reached XP level 2. HP: 19/22 MP: 2/2
  1034 | D:2      | Reached XP level 3. HP: 14/27 MP: 3/3
  1189 | D:2      | Noticed Natasha
  1211 | D:2      | Slain by Natasha

Illustrated notes

Levels and vault maps discovered:
D:1:      minmay_arrival_floating_metal, layout_basic, minmay_tetromino_l2
D:2:      layout_loops_ring, uniq_terence, uniq_natasha

Skill      XL: |  1  2 |
---------------+-------+-----
Axes           | 3 |  3.3
Dodging        | 3 |  3.0
Fighting       | |  2.2
Throwing       | |  1.8
Armour         | |  0.4
Shields        | |  0.2

Action                   || total
-------------------------++-------
Melee: War axe           ||    78
       Punch             ||     1
Throw: Dart              ||     1
       Javelin           ||     1
  Use: Scroll            ||     3
       Potion            ||     1
 Stab: Sleeping          ||     1
Armor: Leather armour    ||    31
Dodge: Dodged            ||    58
Block: Other             ||    23
